 Dungeon Crawl Stone Soup version 0.31-a0-662-g684573625c (webtiles) character file.

Game seed: 13240203317453699692

110131 demibob the Demonic Blade (level 16, -10/104 HPs)
             Began as a Demonspawn Berserker on Sept 1, 2023.
             Was a High Priest of Jiyva.
             Mangled by an ogre
             ... wielding a +0 giant club
             ... created by the rage of Trog
              (24 damage)
             ... on level 3 of the Lair of Beasts.
             The game lasted 00:45:35 (25294 turns).

demibob the Demonic Blade (Demonspawn Berserker)   Turns: 25294, Time: 00:45:38

Health: -10/104    AC: 49    Str: 18 (19) XL:     16   Next: 6%
Magic:  16/16      EV:  8    Int: 14      God:    Jiyva [*****.]
Gold:   890        SH:  0    Dex: 17      Spells: 15/15 levels left

rFire   + . .        a - +5 triple sword (elec)
rCold   . . .        (shield currently unavailable)
rNeg    . . .        w - +8 plate armour {rF+}
rPois   +            s - +1 hat
rElec   .            q - +1 cloak {rCorr}
rCorr   +            h - +1 pair of gloves
SInv    +            C - +0 pair of boots of the Merchant {Will+ Int+3}
Will    +++++        p - amulet of Kydacos {Acrobat rPois Will+++ rCorr SInv Stlth-} Stlth
                     L - ring of flight
HPRegen 1.81/turn    T - +4 ring of protection
MPRegen 0.60/turn

%: acrobat
@: sanguine armoured, flying, hasted, very quick
A: horns 2, spiny 2, sanguine armour 3, demonic magic 2, fangs 1, passive
freeze, sense surroundings 3, jelly absorbing missiles, MP-powered wands
a: Renounce Religion, Oozemancy, Slimify


You were on level 3 of the Lair of Beasts.
You worshipped Jiyva.
Jiyva was extremely pleased with you.
You visited 4 branches of the dungeon, and saw 27 of its levels.
You also visited: Sewer and Bailey.

You collected 1917 gold pieces.
You spent 1027 gold pieces at shops.


Innate Abilities, Weirdness & Mutations

You have a pair of horns on your head.
You are mostly covered in sharp spines.
When seriously injured, your blood forms very thick armour. (AC +12)
Spells you cast may paralyse nearby enemies.
You have very sharp teeth.
A frigid envelope surrounds you and freezes all who hurt you.
You passively map a large area around you.
You have a small jelly attached to you that may absorb projectiles.
You expend magic power (3 MP) to strengthen your wands.


   Skills:
 - Level 3.0 Fighting
 + Level 21.6 Long Blades
 + Level 15.2 Armour
 - Level 3.6 Dodging


You had 15 spell levels left.
You didn't know any spells.
Your spell library was empty.

Inventory:

Hand Weapons
 a - a +5 triple sword of electrocution (weapon)
 b - a +2 great sword of flaming
 d - a +1 falchion of protection
 f - a +3 rapier of electrocution
Missiles
 t - a throwing net {=f}
Armour
 h - a +1 pair of gloves (worn)
 q - a +1 cloak of preservation (worn)
 s - a +1 hat (worn)
 w - a +8 plate armour of fire resistance (worn)
 C - the +0 pair of boots of the Merchant (worn) {Will+ Int+3}
   (You found it on level 13 of the Dungeon)

   Int+3:     It affects your intelligence (+3).
   Will+:     It increases your willpower.
Jewellery
 m - the ring of Knowledge {rF+ rC+ rN+ Str-5}
   (You acquired it on level 11 of the Dungeon)

   [ring of positive energy]

   Str-5:     It affects your strength (-5).
   rF+:       It protects you from fire.
   rC+:       It protects you from cold.
   rN+:       It protects you from negative energy.
 p - the amulet of Kydacos (around neck) {Acrobat rPois Will+++ rCorr SInv Stlth-}
   (You found it in a bailey)

   [amulet of the acrobat]

   Acrobat:   It increases your evasion while moving and waiting.
   rPois:     It protects you from poison Will+++: It greatly increases your
   willpower.
   SInv:      It lets you see invisible.
   rCorr:     It protects you from acid and corrosion.
   Stlth-:    It makes you less stealthy.
 A - an amulet of magic regeneration
 F - an amulet of faith {!P}
 L - a ring of flight (left hand)
 T - a +4 ring of protection (right hand)
 W - a ring of willpower
 Z - a ring of wizardry
Wands
 g - a wand of light (5)
 H - a wand of polymorph (4)
Scrolls
 j - 5 scrolls of poison
 k - 4 scrolls of fog
 r - a scroll of amnesia
 y - 3 scrolls of identify {@r1}
Potions
 c - 3 potions of resistance
 e - 2 potions of might
 i - 5 potions of haste {@q3}
 l - 6 potions of invisibility
 n - 3 potions of cancellation
 o - 4 potions of enlightenment
 u - a potion of attraction
 v - 2 potions of ambrosia
 z - 2 potions of mutation
 B - 2 potions of magic
 D - a potion of lignification

Dungeon Overview and Level Annotations

Branches:
Dungeon (15/15)            Temple (0/1) D:5            Lair (5/5) D:11
 Spider (0/4) Lair:3        Slime (5/5) Lair:5          Orc (2/2) D:9
    Elf (0/3) Orc:2        Vaults (0/5) D:13         Depths (0/4) D:15
  Sewer (visited)          Bailey (visited)
  Swamp: Lair:2-3    Shoals: Lair:2-3

Altars:
Ashenzari
Cheibriados
Dithmenos
Fedhas
Gozag
Hepliaklqana
Kikubaaqudgha
Makhleb
Nemelex Xobeh
Okawaru
Qazlal
Ru
Sif Muna
Trog
Uskayaw
Vehumet
Wu Jian
Xom
Jiyva
Lugonu

Shops:
D:5 *   D:6 =   D:9 (   D:11 :   Orc:2 [!!=!

Portals:
Abyss: Lair:5

Annotations:
Slime:5 Royal Jelly

.................,
..................*
.................#*
................##
...........P.....#
.......#...P....#
.#######..P.....#
## ##.....JT##
#.....hh@#
##....hO##
#.......# #.....J.#
##.......#
#.#......##
##........##
#........P#
###......###


You could see an iron troll (berserk), 3 polar bears, an ogre (berserk), a
neutral jelly (wandering) (fellow slime) and a friendly rockslime (summoned).


Message History

* * * LOW HITPOINT WARNING * * *
The ogre is very cold.
The ogre is heavily wounded.
You barely miss the iron troll. You headbutt the iron troll.
The iron troll is lightly wounded.
The iron troll is struck by your spines.
The iron troll bites you but does no damage.
The iron troll resists.
The iron troll is very cold.
The iron troll is lightly wounded.
The iron troll claws you but does no damage.
The iron troll resists.
The iron troll is very cold.
The iron troll is lightly wounded.
The iron troll claws you but does no damage.
The iron troll resists.
The iron troll is very cold.
The iron troll is lightly wounded.
The polar bear is struck by your spines.
The polar bear barely misses you.
The polar bear claws you but does no damage.
The polar bear resists.
The polar bear is very cold.
The polar bear is severely wounded.
The polar bear claws you but does no damage.
The polar bear resists.
The polar bear is very cold.
The polar bear is severely wounded.
You hit the iron troll.
The iron troll is lightly wounded.
The polar bear rages.
Your rockslime hits the polar bear!
The polar bear holds its ground!
The ogre is struck by your spines.
The ogre hits you with a +0 giant club!!
You die...

Skill      XL: |  1  2  3  4  5  6  7  8  9 10 11 12 13 14 15 |
---------------+----------------------------------------------+-----
Long Blades    | 3 4 5 6 7 9 11 13 15 17 18 19 20 21 | 21.6
Dodging        | 3 |  3.6
Armour         | 4 8 11 13 15 | 15.2
Fighting       | |  3.0

Action                     |  1- 3 |  4- 6 |  7- 9 | 10-12 | 13-15 | 16-18 || total
---------------------------+-------+-------+-------+-------+-------+-------++-------
  Melee: Falchion          |    78 |   121 |    60 |       |       |       ||   259
         Punch             |     1 |     1 |     1 |       |       |       ||     3
         Headbutt          |       |       |    53 |    90 |   227 |     9 ||   379
         Rapier            |       |       |   169 |       |       |       ||   169
         Triple sword      |       |       |       |   446 |   962 |    44 ||  1452
         Great sword       |       |       |       |       |    38 |       ||    38
         Pseudopods        |       |       |       |       |    64 |       ||    64
         Bite              |       |       |       |       |       |     4 ||     4
 Invoke: Berserk           |       |     1 |     6 |     7 |     4 |       ||    18
         Brothers in Arms  |       |       |       |     1 |     2 |       ||     3
         Trog's Hand       |       |       |       |       |     1 |       ||     1
  Evoke: Wand              |       |       |       |     3 |    11 |       ||    14
    Use: Scroll            |     4 |     6 |    12 |    13 |    19 |       ||    54
         Potion            |       |       |       |     2 |    13 |     2 ||    17
   Stab: Sleeping          |     1 |     3 |       |     2 |       |       ||     6
         Petrified         |       |       |       |       |     2 |       ||     2
         Invisible         |       |       |       |       |     4 |       ||     4
 Armour: Animal skin       |    32 |    53 |    65 |       |       |       ||   150
         Troll leather arm |       |       |     6 |       |       |       ||     6
         Steam dragon scal |       |       |    80 |   147 |       |       ||   227
         Plate armour      |       |       |       |   238 |  1095 |    62 ||  1395
  Dodge: Dodged            |    52 |    65 |   129 |   229 |   494 |    21 ||   990

Levels and vault maps discovered:
D:1:      dpeg_arrival_pond, layout_loops_corners, due_unseen_surprise
D:2:      cheibrodos_old_hovel, layout_loops_ring, kennysheep_generic_room_7,
          uniq_natasha
D:3:      layout_basic, mainiacjoe_overflow_surrounded_room,
          lemuel_crystal_altar, amcnicky_altar_gilded,
          hellmonk_ecumenical_altar_inner_sanctum, minmay_misc_feat_plants
D:4:      layout_loops_corners, kennysheep_mini_moat, makhleb_altar_promises_db,
          minivault_23
D:5:      layout_basic, slow_altar_2, general_overflow_altar, temple_green,
          serial_shops, kennysheep_little_box, kennysheep_generic_room_3,
          uniq_eustachio, uniq_crazy_yiuf_cottage, uniq_duvessa
D:6:      layout_gridville, pdpol_temple_overflow_zin_treasury_gozag_greed,
          nicolae_ru_sacrificial_ziggurat, mainiacjoe_overflow_six_doors_small,
          portal_sewer_entry_b, serial_shops, nicolae_shop_hallway_stairs,
          minivault_27, chequers_jeans, uniq_grinder
D:7:      layout_loops_ring, supply_closet_lemuel
D:8:      layout_basic, nzn_wu_jian_council_hall, vehumet_crystals,
          nicolae_overflow_hidden_temple, nemelex_diamond_rough_becter,
          serial_ice, serial_ice_g, serial_ice_l, serial_ice_d, serial_ice_f,
          uniq_pikel, uniq_gastronok
D:9:      layout_loops_cross, lemuel_mausoleum_altar_kikubaaqudgha,
          gammafunk_temple_overflow_statue, nicolae_uskayaw_en_pointe,
          hiddenorc2_lemuel, minmay_shop_grid_forest, uniq_jeremiah
D:10:     layout_roguey, nicolae_overflow_two_pavilions, enter_bailey_3
D:11:     cheibrodos_grave_circle, layout_rooms, hellmonk_lair_entry_icy,
          nicolae_shop_self_help
D:12:     layout_basic, nicolae_qazlal_scattered_showers, uniq_nessos
D:13:     evilmike_horseshoe, layout_rooms, lightli_vaults_fourway_checkpoint,
          gammafunk_ghost_necromancy, minmay_statues_item, uniq_urug,
          uniq_josephine
D:14:     layout_cross, nicolae_benzene_ring
D:15:     gammafunk_depths_entry_grave, layout_long_grid, moated_statue,
          uniq_kirke
Lair:1:   layout_regular_city, pond
Lair:2:   layout_cave_pods, cheibrodos_lair_caveside_slide,
          nicolae_lair_grazing_beasts [nicolae_sub_lair_graze_edge,
          nicolae_sub_lair_graze_edge, nicolae_sub_lair_graze_edge,
          nicolae_sub_lair_graze_edge]
Lair:3:   layout_hall_layers, minmay_shoals_entry_beasts,
          nicolae_spider_entry_tight_spaces, serial_bayou_pond_a,
          serial_bayou_crossing, grunt_megastairs_1
Lair:4:   layout_layer_cave, beast_lair_carwin_8, grunt_megastairs_3
Lair:5:   hellmonk_lair_end_abyssal_woods, layout_regular_city, slime_entry_1,
          chequers_serial_rivers_room_b, infiniplex_staircase_pool_2,
          serial_bayou_shore_b
Slime:1:  layout_caves
Slime:2:  layout_caves
Slime:3:  cheibrodos_slime_lost_civilization_9, layout_caves
Slime:4:  layout_caves, cheibrodos_slime_lost_civilization_6
Slime:5:  slime_pit_nicolae_jellycorners
Orc:1:    layout_diamond_mine, basic_altar
Orc:2:    kennysheep_orc_mage_school, layout_diamond_mine, serial_shops,
          nicolae_shop_industrial_runoff, minmay_shop_mass

Notes
Turn   | Place    | Note
-------+----------+-------------------------------------------
     0 | D:1      | demibob the Demonspawn Berserker began the quest for the
                  | Orb.
     0 | D:1      | Reached XP level 1. HP: 18/18 MP: 1/1
    65 | D:1      | Reached skill level 3 in Long Blades
   205 | D:1      | Gained mutation: You are partially covered in sharp spines.
                  | [demonic ancestry]
   205 | D:1      | Reached XP level 2. HP: 24/24 MP: 2/2
   974 | D:2      | Gained mutation: You are mostly covered in sharp spines.
                  | [demonic ancestry]
   974 | D:2      | Reached XP level 3. HP: 23/29 MP: 3/3
  1110 | D:2      | Reached skill level 4 in Long Blades
  1160 | D:2      | Noticed Natasha
  1167 | D:2      | Killed Natasha
  1270 | D:2      | Reached ** piety under Trog
  1278 | D:2      | Reached XP level 4. HP: 35/35 MP: 4/4
  1470 | D:2      | Noticed Natasha
  1546 | D:2      | Killed Natasha
  1718 | D:3      | Found a blossoming altar of Fedhas.
  1862 | D:3      | Reached skill level 5 in Long Blades
  1888 | D:3      | Found a faded altar of an unknown god.
  1947 | D:3      | Found an iron altar of Okawaru.
  2289 | D:3      | Gained mutation: When seriously injured, your blood forms
                  | armour. (AC +12) [demonic ancestry]
  2289 | D:3      | Reached XP level 5. HP: 39/41 MP: 5/5
  2772 | D:4      | Found a burning altar of Makhleb.
  2772 | D:4      | Noticed a green death
  2775 | D:4      | Noticed a hellwing
  2775 | D:4      | Noticed a smoke demon
  2796 | D:4      | Reached skill level 6 in Long Blades
  2954 | D:4      | Noticed an ogre
  2958 | D:4      | Killed an ogre
  2959 | D:4      | Gained mutation: Spells you cast may paralyse adjacent
                  | enemies. [demonic ancestry]
  2959 | D:4      | Reached XP level 6. HP: 34/47 MP: 6/6
  3280 | D:4      | Found a bloodstained altar of Trog.
  3315 | D:4      | Reached skill level 7 in Long Blades
  3573 | D:5      | Entered Level 5 of the Dungeon
  3709 | D:5      | Noticed a water moccasin
  3714 | D:5      | Noticed a water moccasin
  3717 | D:5      | Killed a water moccasin
  3718 | D:5      | Gained mutation: You have a pair of small horns on your
                  | head. [demonic ancestry]
  3718 | D:5      | Reached XP level 7. HP: 52/52 MP: 7/7
  3725 | D:5      | Reached skill level 8 in Long Blades
  3860 | D:5      | Found a staircase to the Ecumenical Temple.
  3880 | D:5      | Found Fatzuym's Assorted Antiques.
  3887 | D:5      | Reached *** piety under Trog
  3901 | D:5      | Bought a tourmaline ring for 120 gold pieces
  3901 | D:5      | Bought an inky potion for 21 gold pieces
  4187 | D:5      | Found a runed translucent door.
  4188 | D:5      | Noticed Crazy Yiuf
  4235 | D:5      | Noticed Duvessa
  4237 | D:5      | Noticed Dowan
  4244 | D:5      | Killed Duvessa
  4244 | D:5      | Noticed Eustachio
  4249 | D:5      | Killed Dowan
  4250 | D:5      | Reached skill level 9 in Long Blades
  4250 | D:5      | Reached XP level 8. HP: 47/54 MP: 8/8
  4273 | D:5      | Killed Eustachio
  4417 | D:5      | HP: 5/58 [ogre/+0 giant club (21)]
  4644 | D:5      | Found a snail-covered altar of Cheibriados.
  4706 | D:5      | Reached skill level 10 in Long Blades
  4943 | D:5      | Found a broken altar of Ashenzari.
  5005 | D:5      | Killed Crazy Yiuf
  5204 | D:6      | Found an opulent altar of Gozag.
  5258 | D:6      | Found a shadowy altar of Dithmenos.
  5306 | D:6      | Found Makyos's Jewellery Emporium.
  5374 | D:6      | Found a glowing drain.
  5400 | Sewer    | Entered a sewer
  5469 | Sewer    | Noticed Pargi
  5481 | Sewer    | Killed Pargi
  5720 | D:6      | Reached skill level 11 in Long Blades
  5775 | D:6      | Found a sacrificial altar of Ru.
  5879 | D:6      | Gained mutation: You have a pair of horns on your head.
                  | [demonic ancestry]
  5879 | D:6      | Reached XP level 9. HP: 63/63 MP: 9/9
  5904 | D:6      | Reached **** piety under Trog
  5905 | D:6      | Reached skill level 2 in Dodging
  6108 | D:6      | Reached skill level 3 in Dodging
  6131 | D:6      | Noticed Grinder
  6141 | D:6      | Killed Grinder
  6497 | D:6      | Identified a scroll of acquirement
  6497 | D:6      | Acquired a +1 triple sword of electrocution
  6819 | D:7      | Reached skill level 12 in Long Blades
  7565 | D:7      | Identified 2 potions of resistance
  7722 | D:8      | Found a sparkling altar of Nemelex Xobeh.
  7789 | D:8      | Noticed a polar bear
  7803 | D:8      | Killed a polar bear
  7804 | D:8      | Reached skill level 13 in Long Blades
  7804 | D:8      | Reached XP level 10. HP: 51/70 MP: 10/10
  7895 | D:8      | Noticed Pikel
  7895 | D:8      | Noticed Gastronok
  7901 | D:8      | Killed Gastronok
  7908 | D:8      | Killed Pikel
  7909 | D:8      | Reached skill level 14 in Long Blades
  8054 | D:8      | Reached ***** piety under Trog
  8065 | D:8      | Found a radiant altar of Vehumet.
  8607 | D:8      | Found a shimmering blue altar of Sif Muna.
  8669 | D:8      | Found an ornate altar of the Wu Jian Council.
  8760 | D:9      | Noticed Jeremiah
  8770 | D:9      | Killed Jeremiah
  8811 | D:9      | Found a hide-covered altar of Uskayaw.
  8811 | D:9      | Noticed a +0 spear
  8811 | D:9      | Noticed a +0 falchion
  8813 | D:9      | Noticed a +0 spear
  8813 | D:9      | Noticed a +0 short sword
  8813 | D:9      | Noticed a +0 dagger
  8814 | D:9      | Noticed a +0 falchion
  8814 | D:9      | Noticed a +0 dagger
  8815 | D:9      | Noticed a +0 short sword
  8874 | D:9      | Reached skill level 15 in Long Blades
  9107 | D:9      | Found a staircase to the Orcish Mines.
  9120 | D:9      | Reached XP level 11. HP: 75/75 MP: 11/11
  9180 | D:9      | Found Caizu's Antique Weapon Shop.
  9295 | D:9      | Found a shimmering altar of Xom.
  9404 | D:9      | Received a gift from Trog
  9783 | D:9      | Found an ancient bone altar of Kikubaaqudgha.
  9966 | D:10     | Entered Level 10 of the Dungeon
 10034 | D:10     | Found a hazy altar of Hepliaklqana.
 10034 | D:10     | Found a stormy altar of Qazlal.
 10256 | D:10     | Found a flagged portal.
 10263 | Bailey   | Entered a bailey
 10282 | Bailey   | Reached skill level 16 in Long Blades
 10304 | Bailey   | Noticed an orc knight
 10306 | Bailey   | HP: 6/75 [orc knight/+0 glaive (7)]
 10308 | Bailey   | Killed an orc knight
 10611 | Bailey   | Found a large runed translucent door.
 10611 | Bailey   | Found a large runed translucent door.
 10612 | Bailey   | Noticed a deep elf zephyrmancer
 10730 | Bailey   | Killed a deep elf zephyrmancer
 10735 | Bailey   | Identified the amulet of Kydacos {Acrobat rPois Will+++
                  | rCorr SInv Stlth-}
 10757 | Bailey   | Identified the +3 short sword of Conscience {venom, rF+ rN+
                  | rCorr}
 10992 | D:10     | Reached skill level 2 in Armour
 11263 | D:11     | Acquired the ring of Knowledge {rF+ rC+ rN+ Str-5}
 11267 | D:11     | Found Maus's Self-Improvement Boutique.
 11273 | D:11     | Noticed a two-headed ogre
 11281 | D:11     | Reached skill level 3 in Armour
 11286 | D:11     | Killed a two-headed ogre
 11293 | D:11     | Reached skill level 4 in Armour
 11539 | D:11     | Noticed a two-headed ogre
 11544 | D:11     | Killed a two-headed ogre
 11544 | D:11     | Received a gift from Trog
 11545 | D:11     | Reached skill level 17 in Long Blades
 11545 | D:11     | Gained mutation: Spells you cast may paralyse nearby
                  | enemies. [demonic ancestry]
 11545 | D:11     | Reached XP level 12. HP: 63/81 MP: 12/12
 11656 | D:11     | Reached skill level 5 in Armour
 11751 | D:11     | Found a staircase to the Lair.
 11757 | D:11     | Reached skill level 6 in Armour
 11901 | Lair:1   | Entered Level 1 of the Lair of Beasts
 12222 | Lair:1   | Reached skill level 7 in Armour
 12698 | Lair:1   | Reached skill level 18 in Long Blades
 13058 | Lair:2   | Reached skill level 8 in Armour
 13494 | Lair:2   | Noticed a death yak
 13511 | Lair:2   | Killed a death yak
 13513 | Lair:2   | Gained mutation: When seriously injured, your blood forms
                  | thick armour. (AC +12) [demonic ancestry]
 13513 | Lair:2   | Reached XP level 13. HP: 65/86 MP: 13/13
 13724 | Lair:2   | Reached skill level 9 in Armour
 13737 | Lair:2   | Reached ****** piety under Trog
 14175 | Lair:2   | Received a gift from Trog
 14331 | Lair:2   | Reached skill level 10 in Armour
 15370 | Lair:3   | Reached skill level 19 in Long Blades
 15685 | Lair:3   | Found a hole to the Spider Nest.
 16041 | Lair:4   | Reached skill level 11 in Armour
 16167 | Lair:4   | Reached XP level 14. HP: 93/93 MP: 14/14
 17494 | Lair:5   | Entered Level 5 of the Lair of Beasts
 17498 | Lair:5   | Received a gift from Trog
 17506 | Lair:5   | Reached skill level 12 in Armour
 18075 | Lair:5   | Reached skill level 20 in Long Blades
 18855 | Lair:5   | Found a viscous altar of Jiyva.
 18855 | Lair:5   | Found a staircase to the Slime Pits.
 19232 | Lair:5   | Found a corrupted altar of Lugonu.
 19232 | Lair:5   | Found a one-way gate to the infinite horrors of the Abyss.
 19534 | Lair:5   | Fell from the grace of Trog
 19534 | Lair:5   | Became a worshipper of Jiyva Jefecuj the Shapeless
 19679 | D:12     | Found a stormy altar of Qazlal.
 19703 | D:12     | Reached skill level 13 in Armour
 19756 | D:12     | Noticed Nessos
 19775 | D:12     | Nessos changed into Nessos the mana viper
 19775 | D:12     | Noticed Nessos
 19780 | D:12     | Killed Nessos the mana viper
 20544 | Orc:1    | Entered Level 1 of the Orcish Mines
 20544 | Orc:1    | Reached * piety under Jiyva
 20706 | Orc:2    | Entered Level 2 of the Orcish Mines
 20706 | Orc:2    | Found Gurodghae's Distillery.
 20754 | Orc:2    | Found Geod's Mass Market.
 20764 | Orc:2    | Found a staircase to the Elven Halls.
 20787 | Orc:2    | Bought a potion of heal wounds for 70 gold pieces
 20787 | Orc:2    | Bought 2 potions of heal wounds for 140 gold pieces
 20787 | Orc:2    | Bought a potion of heal wounds for 70 gold pieces
 20973 | Orc:2    | Gained mutation: When seriously injured, your blood forms
                  | very thick armour. (AC +12) [demonic ancestry]
 20973 | Orc:2    | Reached XP level 15. HP: 87/98 MP: 15/15
 20983 | Orc:2    | Found Hentytzu's Distillery.
 21021 | Orc:2    | Found a radiant altar of Vehumet.
 21021 | Orc:2    | Noticed Erolcha
 21032 | Orc:2    | Killed Erolcha
 21081 | Orc:2    | Found an ancient bone altar of Kikubaaqudgha.
 21212 | Orc:2    | Found Voxej's Antique Armour Shoppe.
 21222 | Orc:2    | Bought a pair of runed boots for 195 gold pieces
 21222 | Orc:2    | Bought a pair of glowing boots for 195 gold pieces
 21266 | Orc:2    | Reached ** piety under Jiyva
 21454 | Orc:2    | Found Neliyl's Distillery.
 21459 | Orc:2    | Found Temeb's Jewellery Shoppe.
 21462 | Orc:2    | Bought 2 potions of might for 96 gold pieces
 21462 | Orc:2    | Bought a potion of haste for 120 gold pieces
 21919 | D:13     | Found a gate to the Vaults.
 22097 | D:13     | Noticed a frost giant
 22125 | D:13     | Killed a frost giant
 22242 | D:13     | Reached *** piety under Jiyva
 22248 | D:13     | Reached skill level 14 in Armour
 22269 | D:13     | Gained mutation: You have a small jelly attached to you
                  | that may absorb projectiles. [Jiyva's grace]
 22269 | D:13     | Gained mutation: A frigid envelope surrounds you and
                  | freezes all who hurt you. [Jiyva's grace]
 22269 | D:13     | Gained mutation: You expend magic power (3 MP) to
                  | strengthen your wands. [Jiyva's grace]
 22269 | D:13     | Gained mutation: Armour fits poorly on your pseudopods.
                  | [Jiyva's grace]
 22362 | D:13     | Noticed Urug
 22372 | D:13     | Killed Urug
 22384 | D:13     | Found a runed translucent gate.
 22385 | D:13     | Found a runed translucent gate.
 22385 | D:13     | Found a runed translucent gate.
 22466 | D:13     | Reached skill level 21 in Long Blades
 22512 | D:13     | Noticed Josephine
 22535 | D:13     | Killed Josephine
 22624 | D:13     | Noticed Mightysalt's ghost (journeyman DsGl)
 22767 | D:13     | Killed Mightysalt's ghost
 22776 | D:13     | Identified the +0 pair of boots of the Merchant {Will+
                  | Int+3}
 22793 | D:13     | Identified the +8 dagger "Cichog" {freeze, rCorr}
 23032 | D:13     | HP: 7/98 [two-headed ogre/+0 giant club[the rage of Trog]
                  | (28)]
 23407 | D:14     | Reached **** piety under Jiyva
 23715 | D:15     | Entered Level 15 of the Dungeon
 24118 | D:15     | Found a staircase to the Depths.
 24118 | D:15     | Noticed Kirke
 24137 | D:15     | Killed Kirke
 24138 | D:15     | Reached skill level 15 in Armour
 24194 | D:15     | Reached XP level 16. HP: 98/104 MP: 16/16
 24202 | D:15     | Lost mutation: Armour fits poorly on your pseudopods.
                  | [Jiyva's grace]
 24202 | D:15     | Gained mutation: You passively map a small area around you.
                  | [Jiyva's grace]
 24202 | D:15     | Gained mutation: You passively map the area around you.
                  | [Jiyva's grace]
 24202 | D:15     | Gained mutation: You passively map a large area around you.
                  | [Jiyva's grace]
 24202 | D:15     | Gained mutation: You have very sharp teeth. [Jiyva's grace]
 24208 | D:15     | Reached ***** piety under Jiyva
 24659 | Slime:1  | Entered Level 1 of the Pits of Slime
 24659 | Slime:1  | Noticed an acid blob
 24660 | Slime:1  | Noticed an acid blob
 24673 | Slime:3  | Noticed an acid blob
 24685 | Slime:5  | Entered Level 5 of the Pits of Slime
 24688 | Slime:5  | Found a viscous altar of Jiyva.
 24712 | Slime:5  | Noticed the Royal Jelly
 24720 | Slime:5  | Noticed an acid blob
 24827 | Slime:5  | Noticed an acid blob
 24848 | Slime:5  | Noticed an acid blob
 25294 | Lair:3   | Mangled by an ogre

Vanquished Creatures
  Kirke (D:15)
  Gastronok (D:8)
  A frost giant (D:13)
  Josephine (D:13)
  4 vault guards (D:13)
  The ghost of Mightysalt the Fighter, a journeyman DsGl of Yredelemnul (D:13)
  Erolcha (Orc:2)
  5 hydras
  2 boulder beetles
  8 centaur warriors
  3 ogre magi
  11 two-headed ogres
  A tengu warrior (D:14)
  11 death yaks
  4 thrashing horrors (Lair:5)
  Urug (D:13)
  2 iron trolls (D:13)
  2 skeletal warriors (D:15)
  A flayed ghost (D:15)
  2 golden dragon zombies (D:15)
  4 deep trolls
  Pikel (D:8)
  A deep elf zephyrmancer (Bailey)
  A wizard (D:13)
  A necromancer (D:14)
  9 orc sorcerers
  2 deep elf pyromancers
  A mana viper (D:12)
  A frost giant zombie (D:15)
  4 ugly things (D:13)
  3 spectral centaurs (D:13)
  2 manticores
  7 cyclopes
  28 elephants
  10 black mambas
  2 torpor snails
  5 cane toads
  2 gargoyles
  A smoke demon (Lair:5)
  Jeremiah (D:9)
  4 centaur skeletons (D:11)
  3 rime drakes
  16 komodo dragons
  An unseen horror zombie (D:9)
  A kobold demonologist (D:9)
  An efreet (D:14)
  An unseen horror (D:12)
  A redback zombie (D:11)
  A freezing wraith (D:13)
  2 hellwings (D:11)
  A tengu conjurer (D:13)
  9 polar bears
  8 trolls
  A polar bear (shapeshifter) (D:13)
  24 blink frogs
  Grinder (D:6)
  3 large abominations (Lair:5)
  2 raiju (Lair:5)
  4 water elementals (D:12)
  2 culicivoras (Lair:3)
  A centaur simulacrum (D:13)
  2 jumping spiders (Lair:3)
  A spriggan (Lair:5)
  2 shadows
  3 wyverns (Lair:4)
  4 wraiths (D:13)
  A steam dragon (D:6)
  46 yaks
  Eustachio (D:5)
  An unseen horror simulacrum (D:8)
  2 chaos spawn (Lair:5)
  A hog (shapeshifter) (Lair:5)
  10 basilisks
  A human (D:15)
  A redback simulacrum (D:13)
  3 redbacks (Lair:3)
  12 vampire mosquitoes
  3 wargs (Orc:1)
  A glowing shapeshifter zombie (D:15)
  13 water moccasins
  5 acid dragons
  Duvessa (D:5)
  Pargi (Sewer)
  2 ice beasts (D:11)
  18 orc warriors
  A meliai simulacrum (D:13)
  7 black bears
  A sky beast (shapeshifter) (Lair:5)
  An ogre (shapeshifter) (Lair:5)
  4 centaurs
  16 ogres
  35 wolves
  3 kobold brigands
  A phantom (D:7)
  12 small abominations (Lair:5)
  A wyvern zombie (D:9)
  13 bullfrogs
  A gnoll sergeant (D:6)
  3 necrophages (D:9)
  2 scorpions
  A wight (D:9)
  Dowan (D:5)
  A howler monkey (D:6)
  6 electric eels
  A lava snake (D:10)
  7 hounds
  18 orc priests
  4 centaur zombies
  A human zombie (D:9)
  Crazy Yiuf (D:5)
  3 sleepcaps
  Natasha (twice) (D:2)
  4 iguanas
  38 orc wizards
  4 mummies
  A howler monkey zombie (D:9)
  7 gnolls
  4 river rats (D:6)
  9 adders
  6 shadow imps
  An ufetubus (D:6)
  2 worms
  3 dart slugs
  79 orcs
  9 ball pythons
  7 bats
  4 endoplasms
  6 giant cockroaches
  12 goblins
  7 hobgoblins
  15 kobolds
  3 quokkas
  9 frilled lizards
  7 rats
755 creatures vanquished.

Vanquished Creatures (collateral kills)
  A catoblepas (Lair:2)
  An orc knight (Bailey)
  A troll (Lair:3)
  2 blink frogs (Lair:5)
  A basilisk (Lair:5)
  An orc warrior (Bailey)
  A black bear (Lair:3)
  2 wolves (Lair:2)
  3 orcs (Bailey)
13 creatures vanquished.

Vanquished Creatures (others)
  A two-headed ogre (D:15)
  An orc knight (Orc:2)
  A deep elf pyromancer (D:13)
  7 slime creatures
  A golden eye (shapeshifter) (D:13)
  A bullfrog (Lair:3)
  27 jellies
  An orc priest (Orc:2)
  3 orc wizards (Orc:2)
  3 orcs (Orc:2)
46 creatures vanquished.

Grand Total: 814 creatures vanquished

Table legend: (Time is in decaauts)
 A = Elapsed time spent in this place.
 B = Non-inter-level travel time spent in this place.
 C = Inter-level travel time spent in this place.
 D = Time resting spent in this place.
 E = Time spent auto-exploring this place.
 F = Levels seen in this place.
 G = Mean time per level.
                   A        B        C        D        E       F      G
               +--------+--------+--------+--------+--------+-----+--------+
         Total |  25306 |  23910 |   1396 |   2015 |  17746 |  29 |  872.6 |
       Dungeon |  14726 |  14114 |    612 |   1328 |  10356 |  15 |  981.7 |
          Lair |   8110 |   7635 |    475 |    519 |   6033 |   5 | 1622.0 |
    Slime Pits |    332 |    185 |    147 |      0 |    157 |   5 |   66.4 |
  Orcish Mines |   1309 |   1148 |    161 |     26 |    840 |   2 |  654.5 |
         Sewer |    260 |    260 |      0 |      3 |    153 |   1 |  260.0 |
        Bailey |    566 |    566 |      0 |    137 |    206 |   1 |  566.0 |
               +--------+--------+--------+--------+--------+-----+--------+

Top non-repeatable levels by time:
  Lair:5: 2132 daAuts
  Lair:2: 2050 daAuts
  Lair:4: 1833 daAuts
     D:5: 1533 daAuts
     D:6: 1460 daAuts
     D:9: 1254 daAuts
  Lair:1: 1190 daAuts
    D:13: 1157 daAuts
     D:4: 1155 daAuts
     D:8: 1115 daAuts
    D:11: 928 daAuts
  Lair:3: 904 daAuts
     D:1: 899 daAuts
     D:7: 895 daAuts
     D:2: 829 daAuts

Table legend:
 A = Non-vault XP
 B = Vault XP
 C = Vault XP percentage of total XP
 D = Non-vault monster count
 E = Vault monster count
 F = Vault count percentage of total count
                 A         B        C        D         E       F
            +---------+---------+-------+---------+---------+-------
      Total |   85424 |   71906 |  45.7 |     449 |     293 |  39.5
            +---------+---------+-------+---------+---------+-------
        D:1 |      38 |       0 |   0.0 |      22 |       0 |   0.0
        D:2 |      61 |      45 |  42.5 |      13 |       5 |  27.8
        D:3 |      60 |       0 |   0.0 |      14 |       0 |   0.0
        D:4 |     438 |       0 |   0.0 |      20 |       0 |   0.0
        D:5 |     958 |     472 |  33.0 |      24 |       5 |  17.2
        D:6 |    1152 |     340 |  22.8 |      26 |      10 |  27.8
        D:7 |    1270 |       0 |   0.0 |      12 |       0 |   0.0
        D:8 |    1239 |    3369 |  73.1 |      21 |       9 |  30.0
        D:9 |    2098 |    1735 |  45.3 |      21 |      45 |  68.2
       D:10 |    1809 |       7 |   0.4 |      18 |       4 |  18.2
       D:11 |    4743 |    4303 |  47.6 |      19 |      21 |  52.5
       D:12 |    3808 |     585 |  13.3 |      16 |       1 |   5.9
       D:13 |    3384 |   19938 |  85.5 |      10 |      36 |  78.3
       D:14 |    6233 |     602 |   8.8 |      13 |       1 |   7.1
       D:15 |   10410 |    5893 |  36.1 |      21 |       8 |  27.6
     Lair:1 |    6940 |     914 |  11.6 |      24 |       5 |  17.2
     Lair:2 |   12621 |    5329 |  29.7 |      44 |      14 |  24.1
     Lair:3 |    3884 |    3591 |  48.0 |      16 |      15 |  48.4
     Lair:4 |   13782 |    4701 |  25.4 |      29 |      14 |  32.6
     Lair:5 |    7021 |   10642 |  60.3 |      22 |      40 |  64.5
      Orc:1 |    2634 |       0 |   0.0 |      35 |       0 |   0.0
      Orc:2 |     841 |    6861 |  89.1 |       9 |      32 |  78.0
      Sewer |       0 |     151 | 100.0 |       0 |       9 | 100.0
     Bailey |       0 |    2428 | 100.0 |       0 |      19 | 100.0
            +---------+---------+-------+---------+---------+-------
